 Dungeon Crawl Stone Soup version 0.31.0-32-g396128a36d (webtiles) character file.

Game seed: 5296204916110367771

65 TacoSundae the Cudgeller (level 3, -12/30 HPs)
             Began as an Armataur Fighter on Apr 12, 2024.
             Killed by divine providence
             ... invoked by an orc priest
              (13 damage)
             ... on level 3 of the Dungeon.
             The game lasted 00:01:50 (1582 turns).

TacoSundae the Cudgeller (Armataur Fighter)         Turns: 1582, Time: 00:01:50

Health: -12/30     AC:  8    Str: 21    XL:     3   Next: 92%
Magic:  3/3        EV:  7    Int:  8    God:
Gold:   120        SH:  4    Dex: 11    Spells: 2/2 levels left

rFire   . . .        k - +2 dagger (venom)
rCold   . . .        c - +0 buckler
rNeg    . . .        b - +0 scale mail
rPois   .            (no helmet)
rElec   .            g - +0 cloak
rCorr   .            (no gloves)
SInv    .            (no barding)
Will    .....        (no amulet) Stlth
                     (no ring)
HPRegen 0.25/turn    (no ring)
MPRegen 1.07/turn

%: roll
@: no status effects
A: large, deformed body, tough skin 3, armoured tail, roll 1
a: no special abilities


You were on level 3 of the Dungeon.
You visited 1 branch of the dungeon, and saw 3 of its levels.

You collected 120 gold pieces.

Inventory:

Hand Weapons
 a - a +0 flail
 k - a +2 dagger of venom (weapon)
Armour
 b - a +0 scale mail (worn)
 c - a +0 buckler (worn)
 g - a +0 cloak (worn)
Scrolls
 e - a scroll of teleportation {unknown}
 f - 3 scrolls of identify {unknown}
 i - a scroll of revelation {unknown}
 j - a scroll of amnesia {unknown}
 l - a scroll of blinking {unknown}
 o - a scroll of fog {unknown}
Potions
 d - a potion of might
 h - a potion of invisibility {unknown}
 m - a potion of lignification {unknown}
 n - a potion of degeneration {unknown}


   Skills:
 - Level 2.6 Fighting
 + Level 3.9 Maces & Flails
 - Level 3.6 Armour
 - Level 3.2 Shields


You had 2 spell levels left.
You didn't know any spells.
Your spell library was empty.

Dungeon Overview and Level Annotations

Branches:
Dungeon (3/15)

Altars:


Innate Abilities, Weirdness & Mutations

Armour fits poorly on your strangely shaped body.
You have extremely tough skin. (AC +3)
You have a long armoured tail.
You regenerate magic when rolling toward enemies. (Rampage MPRegen)


Message History

An orc priest comes into view. It is wielding a +0 flail.
The goblin barely misses you.
The orc priest shouts!
You hit the goblin.
The goblin is moderately wounded.
You hear a shout! x2; You hear an angry hiss.
You hear a shout!
An orc comes into view. It is wielding a +0 dagger.
You block the goblin's attack.
An orc comes into view. It is wielding a +0 flail.
You hit the goblin.
The goblin is poisoned.
You tail-slap the goblin.
You kill the goblin!
You roll towards the hobgoblin!
Found 11 gold pieces.
You closely miss the hobgoblin. You tail-slap the hobgoblin.
You kill the hobgoblin!
A frilled lizard comes into view.
You roll towards the orc!
An adder comes into view.
Found a fuming grey potion.
A goblin comes into view. It is wielding a +0 dagger.
The goblin shouts!
The orc priest looks encouraged for a moment.
The orc hits you but does no damage.
You closely miss the orc.
The orc priest invokes the aid of Beogh against you.
Beogh smites you! The orc hits you with a +0 dagger.
The orc attacks as it pursues you! You block the orc's attack.
The adder completely misses you.
The orc priest looks braver for a moment.
The orc priest calls down the wrath of Beogh upon you.
Beogh smites you! The adder barely misses you.
The orc priest calls down the wrath of Beogh upon you.
Beogh smites you!
* * * LOW HITPOINT WARNING * * *
The adder attacks as it pursues you! The adder barely misses you.
There is a stone staircase leading up here.
The adder bites you but does no damage.
The orc priest calls down the wrath of Beogh upon you.
Beogh smites you!
You die...

............$....#
.................###
....................
..!...............##.
.........o.......<..
..................#
#.#.#.....l.......#
#..)......o.....#
###....)g.S@....#
#.......o.....#
#...........#....
########.#### #.. ...
. ##..# .... ##...


You could see an orc priest, an adder, 2 orcs, a goblin and a frilled lizard.

Vanquished Creatures
  2 adders (D:2)
  7 ball pythons
  2 bats
  4 endoplasms
  2 giant cockroaches (D:1)
  5 goblins
  3 hobgoblins
  5 kobolds
  5 quokkas
  2 frilled lizards (D:2)
  6 rats
43 creatures vanquished.

Notes
Turn   | Place    | Note
-------+----------+-------------------------------------------
     0 | D:1      | TacoSundae the Armataur Fighter began the quest for the
                  | Orb.
     0 | D:1      | Reached XP level 1. HP: 18/18 MP: 1/1
   116 | D:1      | Reached XP level 2. HP: 25/25 MP: 2/2
   254 | D:1      | Found a faded altar of an unknown god.
   834 | D:2      | Reached XP level 3. HP: 30/30 MP: 3/3
  1580 | D:3      | HP: 1/30 [orc priest/divine providence (10)]
  1582 | D:3      | Killed from afar by an orc priest

Illustrated notes

Levels and vault maps discovered:
D:1:      elethiomel_arrival_shortcut, layout_loops_ring,
          ebering_ecumenical_altar_hall
D:2:      layout_basic, chequers_serial_rivers_small_3, feat_on_display
D:3:      layout_basic, mainiacjoe_overflow_alcove_4,
          chequers_temple_overflow_minitemple, serial_shops, shop_fountains,
          roderic_roman_lattice, serial_bayou_crossing

Skill      XL: |  1  2 |
---------------+-------+-----
Maces & Flails | 2 3 |  3.9
Fighting       | |  2.6
Armour         | |  3.6
Shields        | |  3.2

Action                     || total
---------------------------++-------
  Melee: Flail             ||    82
         Tailslap          ||    13
         Dagger            ||    45
 Armour: Scale mail        ||    91
  Dodge: Dodged            ||    47
  Block: Buckler           ||    27
